AoeStats
← Bandit

Arabia

510461427Analyzed
4v4 RM · 2d ago on Oct 1, 2026· 44m 52s· 8 players
Game mode
Random Map
Map size
Large (8 player)
Population
200
Speed
Normal
Resources
Standard
Victory
Conquest
Starting age
Dark Age
Ending age
Imperial Age
RankedLock teamsTeams togetherTeam positionsShared explorationLock speedFull tech treeHidden civsTurbo modeCheats
Victory
Defeat
🇲🇽 Burmese · Mexico
1476
+12
🇮🇩 Bohemians · Indonesia
1399
+15
🇵🇪 Japanese · Peru
1390
+16
🇹🇼 Persians · Taiwan
1383
+16
🇺🇸 Wei · United States
1478
-18
🇺🇸 Portuguese · United States
1391
-15
🇺🇸 Magyars · United States
1362
-14
🇺🇸 Ethiopians · United States
1313
-12
Bandit
6:36 Loom
8:51 Feudal Age
9:28 Double-Bit Axe
13:55 Horse Collar
18:25 Bloodlines
20:19 Wheelbarrow
19:36 Gold Mining
23:24 Castle Age
22:55 Scale Barding Armor
23:00 Forging
23:27 Light Cavalry
25:28 Bow Saw
25:21 Heavy Plow
26:57 Chain Barding Armor
30:14 Iron Casting
30:20 Gold Shaft Mining
34:07 Stone Mining
34:07 Town Watch
34:37 Hand Cart
39:55 Imperial Age
37:40 Husbandry
37:16 Pikeman
37:57 Squires
37:59 Scale Mail Armor
38:34 Iron Casting
39:04 Stone Shaft Mining
39:00 Chain Mail Armor
39:58 Heavy Hei Guang Cavalry
40:01 Halberdier
41:43 Blast Furnace
41:05 Arson
The_Wanker
5:16 Loom
10:13 Feudal Age
15:35 Fletching
27:49 Castle Age
33:48 Sanctity
34:52 Fervor
39:42 Pikeman
JROCK
6:53 Loom
9:33 Feudal Age
10:29 Double-Bit Axe
12:39 Wheelbarrow
19:19 Bloodlines
22:36 Castle Age
21:43 Scale Barding Armor
21:32 Horse Collar
23:55 Bow Saw
23:47 Heavy Plow
24:25 Husbandry
24:37 Bloodlines
26:16 Chain Barding Armor
39:12 Fervor
41:33 Hand Cart
izohc8ik
9:10 Loom
11:36 Feudal Age
18:16 Castle Age
18:19 Double-Bit Axe
18:43 Crossbowman
27:00 Fletching
27:52 Gold Mining
28:29 Bow Saw
28:55 Bodkin Arrow
30:05 Padded Archer Armor
32:07 Wheelbarrow
43:34 Ballistics
AZT3K_MASIVESOUL
7:02 Loom
9:16 Feudal Age
19:06 Wheelbarrow
20:41 Castle Age
19:42 Scale Barding Armor
19:49 Bloodlines
20:24 Forging
20:30 Gold Mining
21:29 Husbandry
22:26 Wheelbarrow
25:58 Chain Barding Armor
30:55 Gold Shaft Mining
32:09 Fletching
36:03 Horse Collar
39:47 Heavy Plow
40:33 Iron Casting
44:08 Imperial Age
41:24 Light Cavalry
42:20 Bodkin Arrow
Comend x comend
0:51 Loom
12:37 Feudal Age
13:50 Town Watch
22:17 Horse Collar
武田信長
6:33 Loom
10:05 Feudal Age
10:39 Double-Bit Axe
10:35 Horse Collar
20:01 Castle Age
18:30 Scale Barding Armor
19:40 Gold Mining
20:16 Bloodlines
20:29 Forging
21:16 Heavy Plow
21:28 Bow Saw
25:25 Wheelbarrow
25:18 Husbandry
29:01 Hand Cart
32:44 Chain Barding Armor
33:38 Iron Casting
36:51 Imperial Age
35:46 Gold Shaft Mining
35:32 Town Watch
36:30 Cavalier
38:20 Two-Man Saw
37:52 Crop Rotation
38:16 Town Patrol
38:52 Plate Barding Armor
39:18 Blast Furnace
38:10 Savar
酒醉上義姬
6:22 Loom
8:42 Feudal Age
17:07 Forging
18:01 Scale Barding Armor
18:28 Double-Bit Axe
22:32 Castle Age
26:40 Pikeman
28:35 Squires
29:13 Iron Casting
32:40 Scale Mail Armor
36:20 Imperial Age
35:22 Chain Mail Armor
35:14 Horse Collar
35:25 Arson
37:32 Wheelbarrow
37:08 Bow Saw
36:24 Halberdier
37:36 Conscription
39:21 Chemistry
39:59 Elite Hussite Wagon
Connection lost

Rejoining the realm…

Still unreachable

The connection could not be restored.

Session expired

The server has moved on; the page needs a fresh start.